 Dungeon Crawl Stone Soup version 0.32-a0-928-g1cae6b7ea0 (webtiles) character file.

Game seed: 6326419064362974034

407 jasper the Ruffian (level 6, 0/61 HPs)
             Began as a Troll Fighter on Apr 12, 2024.
             Was an Initiate of Wu Jian.
             Slain by a gnoll
             ... wielding a +0 spear
             ... led by a gnoll sergeant
              (6 damage)
             ... on level 7 of the Dungeon.
             The game lasted 00:02:12 (852 turns).

jasper the Ruffian (Troll Fighter)                   Turns: 852, Time: 00:02:13

Health: 0/61       AC:  4    Str: 25    XL:     6   Next: 57%
Magic:  5/5        EV:  8    Int:  4    God:    Wu Jian [......]
Gold:   80         SH:  8    Dex: 11    Spells: 5/5 levels left

rFire   . .          .
                       - Unarmed
rCold   . . .        b - +0 kite shield
rNeg    . . .        a - +0 robe
rPois   .            (helmet restricted)
rElec   .            (no cloak)
rCorr   .            (gloves unavailable)
SInv    .            (boots unavailable)
Will    .....        (no amulet)
Stlth   +            (no ring)
HPRegen 1.10/turn    (no ring)
MPRegen 0.09/turn

%: no passive effects
@: no status effects
A: large, unfitting armour, claws 3, regeneration 1, shaggy fur 1, tough skin 1
a: Renounce Religion


You were on level 7 of the Dungeon.
You worshipped Wu Jian.
Wu Jian was noncommittal.
You visited 2 branches of the dungeon, and saw 8 of its levels.

You collected 80 gold pieces.

Inventory:

Missiles
 d - 31 stones (quivered)
 i - 3 boomerangs
Armour
 a - a +0 robe (worn)
 b - a +0 kite shield (worn)
Scrolls
 e - a scroll of revelation {unknown}
 h - 2 scrolls of identify {unknown}
 j - a scroll of teleportation {unknown}
 k - a scroll of fear {unknown}
 l - a scroll of vulnerability {unknown}
Potions
 c - a potion of might
 f - a potion of curing {unknown}
 g - a potion of magic {unknown}
 m - a potion of haste {unknown}


   Skills:
 + Level 3.4 Fighting
 + Level 3.5 Dodging
 + Level 3.8 Shields
 * Level 4.7 Unarmed Combat


You had 5 spell levels left.
You didn't know any spells.
Your spell library was empty.

Dungeon Overview and Level Annotations

Branches:
Dungeon (7/15)             Temple (1/1) D:5

Altars:
Ashenzari
Dithmenos
Elyvilon
Fedhas
Gozag
Hepliaklqana
Kikubaaqudgha
Nemelex Xobeh
Okawaru
Qazlal
Ru
Sif Muna
Trog
Vehumet
Wu Jian
Xom
Yredelemnul
Zin
The Shining One


Innate Abilities, Weirdness & Mutations

You are too large for most types of armour.
You have claws for hands.
Your natural rate of healing is unusually fast.
You are covered in fur. (AC +1)
You have tough skin. (AC +1)


Message History

The orc priest is lightly wounded.
You block the orc priest's attack.
The gnoll hits you from afar with a +0 spear.
* * * LOW HITPOINT WARNING * * *
You take 3 damage, and have 14/61 hp.
You barely miss the orc priest.
The orc priest is lightly wounded.
The orc priest hits you but does no damage.
The gnoll hits you but does no damage.
You claw the orc priest!
The orc priest is almost dead.
The orc priest misses you. You block the gnoll's attack.
You claw the orc priest!
You kill the orc priest!
The Council accepts your kill.
The gnoll hits you from afar with a +0 spear.
* * * LOW HITPOINT WARNING * * *
You take 5 damage, and have 11/61 hp.
You lunge at the gnoll.
You barely miss the gnoll.
The gnoll is moderately wounded.
You block the gnoll's attack.
Things that are here:
a +0 hand axe; an orc corpse The gnoll hits you from afar with a +0 spear.
* * * LOW HITPOINT WARNING * * *
You take 4 damage, and have 8/61 hp.
You lunge at the gnoll.
You scratch the gnoll.
The gnoll is heavily wounded.
The gnoll barely misses you.
Things that are here:
a +0 hand axe; an orc corpse You scratch the gnoll.
The gnoll is almost dead.
The gnoll hits you with a +0 spear.
* * * LOW HITPOINT WARNING * * *
You take 5 damage, and have 4/61 hp.
You closely miss the gnoll.
The gnoll is almost dead.
The gnoll hits you with a +0 spear.
You die...

#..........######
#####........#
#........#
#..#####.# ###
#.. #.# #.. #..
#.# #.# #.. #.#
#.# #
#.###o####..#
#..@g#.g)go.#
#.###)###g..# #.#
#.# ..# #.# #.#
.# #.# #.# # #.#
#.. #.# #.. #.#
##. ..


You could see a gnoll and an orc.

Vanquished Creatures
  An ogre (D:5)
  A gnoll sergeant (D:7)
  2 hounds
  An orc priest (D:7)
  2 iguanas
  An orc wizard (D:7)
  4 gnolls (D:7)
  2 adders
  A white imp (D:6)
  2 ufetubi (D:6)
  5 orcs
  An endoplasm (D:2)
  3 hobgoblins
  2 quokkas (D:2)
  2 ball pythons
  A kobold (D:2)
31 creatures vanquished.

Notes
Turn   | Place    | Note
-------+----------+-------------------------------------------
     0 | D:1      | jasper the Troll Fighter began the quest for the Orb.
     0 | D:1      | Reached XP level 1. HP: 22/22 MP: 0/0
   110 | D:2      | Reached XP level 2. HP: 27/29 MP: 1/1
   263 | D:5      | Entered Level 5 of the Dungeon
   297 | D:5      | Reached XP level 3. HP: 25/36 MP: 2/2
   423 | D:5      | Found a staircase to the Ecumenical Temple.
   434 | D:5      | Reached skill level 3 in Unarmed Combat
   434 | D:5      | Reached XP level 4. HP: 38/44 MP: 3/3
   437 | Temple   | Entered the Ecumenical Temple
   450 | Temple   | Became a worshipper of the Wu Jian Council
   502 | D:5      | Noticed an ogre
   510 | D:5      | Killed an ogre
   511 | D:5      | Reached XP level 5. HP: 53/53 MP: 4/4
   752 | D:6      | Reached skill level 4 in Unarmed Combat
   825 | D:7      | Reached XP level 6. HP: 41/61 MP: 5/5
   852 | D:7      | Slain by a gnoll

Illustrated notes

Levels and vault maps discovered:
D:1:      dpeg_arrival_simpleton_b, layout_loops_ring, grunt_decor_fettered
D:2:      layout_basic
D:3:      layout_basic, minmay_fractal_squares_diagonal_5
D:4:      layout_basic
D:5:      kennysheep_big_flooded_room, layout_basic, chei_slow_surprise,
          temple_fountains, hangedman_decor_riveting, lightli_corner_chamber
D:6:      layout_loops_ring, eat_drink_and_be_merry_uskayaw, kennysheep_doodads,
          uniq_duvessa
D:7:      layout_loops_ring
Temple:   compressed_dpeg_triangle_lava_temple

Skill      XL: |  1  2  3  4  5 |
---------------+----------------+-----
Shields        | 3 |  3.8
Unarmed Combat | 3 4 |  4.7
Fighting       | 3 |  3.4
Dodging        | 3 |  3.5

Action                     |  1- 3 |  4- 6 || total
---------------------------+-------+-------++-------
  Melee: Unarmed           |    43 |    74 ||   117
  Throw: Boomerang         |       |     3 ||     3
Ability: Lunge             |       |     8 ||     8
 Armour: Robe              |    21 |    59 ||    80
  Dodge: Dodged            |    12 |    26 ||    38
  Block: Kite shield       |    13 |    35 ||    48

Table legend: (Time is in decaauts)
 A = Elapsed time spent in this place.
 B = Non-inter-level travel time spent in this place.
 C = Inter-level travel time spent in this place.
 D = Time resting spent in this place.
 E = Time spent auto-exploring this place.
 F = Levels seen in this place.
 G = Mean time per level.
                   A        B        C        D        E       F      G
               +--------+--------+--------+--------+--------+-----+--------+
         Total |    859 |    805 |     54 |      0 |    515 |   8 |  107.4 |
       Dungeon |    832 |    802 |     30 |      0 |    515 |   7 |  118.9 |
        Temple |     26 |      2 |     24 |      0 |      0 |   1 |   26.0 |
               +--------+--------+--------+--------+--------+-----+--------+

Top non-repeatable levels by time:
     D:6: 256 daAuts
     D:5: 225 daAuts
     D:2: 120 daAuts
     D:7: 85 daAuts
     D:3: 57 daAuts
     D:1: 57 daAuts
     D:4: 29 daAuts
  Temple: 26 daAuts
